 Dungeon Sprint DCSS version 0.18-a0-1243-g9e52518 (webtiles) character file.

6892 nuthulu the Grappler (level 10, -3/118 HPs)
             Began as a Troll Berserker on Feb 5, 2016.
             Was an Elder of Trog.
             Slain by a four-headed hydra (8 damage)
             ... in the Dungeon (Sprint III: "The Ten Rune Challenge").
             The game lasted 00:05:01 (1043 turns).

nuthulu the Grappler (Troll Berserker)              Turns: 1043, Time: 00:05:01

Health: -3/118     AC:  7    Str: 27    XL:     10   Next: 79%
Magic:  9/9        EV: 16    Int:  3    God:    Trog [****..]
Gold:   61         SH:  0    Dex: 12    Spells: 0 memorised, 9 levels left

rFire  . . .     SeeInvis .       - Unarmed
rCold  . . .     Gourm    +     s - +2 robe {MR+}
rNeg   . . .     Faith    .     (no shield)
rPois  .         Spirit   .     (helmet restricted)
rElec  .         Dismiss  .     (no cloak)
rCorr  .         Reflect  .     (gloves unavailable)
SustAt .         Harm     .     (boots unavailable)
MR     +....     NoTele   +     (no amulet)
Stlth  +.........               (no ring)
                                (no ring)

@: somewhat resistant to hostile enchantments, very unstealthy
A: unfitting armour, claws 3, horns 1, blurry vision 1, fast metabolism 3,
gourmand, regeneration 2, shaggy fur 1, tough skin 2, subdued magic 1
a: Berserk, Trog's Hand, Brothers in Arms, Burn Spellbooks, Renounce Religion


You were in the Dungeon.
You worshipped Trog.
Trog was greatly pleased with you.
You were completely stuffed.

You visited 1 branch You collected 61 gold pieces.

Inventory:

Hand Weapons
 u - a +4 antimagic executioner's axe
Armour
 a - a +0 animal skin
 s - a +2 robe of magic resistance (worn)
Scrolls
 h - a scroll of blinking
 j - a scroll of torment {unknown}
 l - 2 scrolls of remove curse
 p - a scroll of immolation {unknown}
 q - a scroll of amnesia {unknown}
Potions
 c - 2 potions of curing
 e - a potion of haste
 f - 2 potions of magic
 g - a potion of berserk rage
 i - a potion of might
 n - a potion of lignification
 o - 4 potions of flight
Comestibles
 b - 2 bread rations
 k - a royal jelly
 m - a meat ration
 r - 3 fruits
 t - 4 chunks of flesh


   Skills:
 + Level 12.8 Fighting
 + Level 12.8 Dodging
 + Level 14.8 Unarmed Combat


You had 9 spell levels left.
You didn't know any spells.

Dungeon Overview and Level Annotations

Branches:
Dungeon (1/1)

Altars:
Cheibriados
Dithmenos
Elyvilon
Fedhas
Gozag
Kikubaaqudgha
Makhleb
Nemelex Xobeh
Okawaru
Pakellas
Qazlal
Ru
Sif Muna
Trog
Vehumet
Xom
Yredelemnul
Zin
The Shining One
Jiyva
Lugonu


Innate Abilities, Weirdness & Mutations

You are too large for most types of armour.
You have claws for hands.
Your metabolism is lightning-fast.
You like to eat raw meat.
You heal very quickly.
You are covered in fur (AC +1).
You have very tough skin (AC +2).
You have a pair of small horns on your head.
Scrolls take you a little longer to read.
Your spells are a little easier to cast, but a little less powerful.


Message History

The four-headed hydra bites you but does no damage.
The four-headed hydra bites you.
* * * LOW HITPOINT WARNING * * *
The four-headed hydra barely misses you.
The four-headed hydra bites you!
* * * LOW HITPOINT WARNING * * *
Drink which item? (? for menu, Esc to quit)
You feel much better. The four-headed hydra bites you!
* * * LOW HITPOINT WARNING * * *
The four-headed hydra bites you but does no damage.
The four-headed hydra barely misses you.
The four-headed hydra bites you!
* * * LOW HITPOINT WARNING * * *
Unknown command.
Unknown command.
You fail to use your ability.
Unknown command.
Unknown command.
You fail to use your ability.
The four-headed hydra bites you!
You die...

♣.....♣♣♣♣≈)≈........≈≈≈
♣.≈≈≈≈'♣♣'♣≈≈≈≈≈≈≈≈≈≈≈≈♣
+.....#.≈♣♣♣♣♣♣♣♣♣♣♣♣♣♣♣
♣♣♣♣♣♣#..♣♣
###'♣♣♣♣♣♣♣♣♣♣♣♣♣♣
♣♣♣♣.##.D##≈≈≈≈≈≈..
♣...##.##.#≈≈≈≈≈...
♣♣.##.##.##'≈≈≈≈≈#
♣@D#.##h)D#≈≈.....
♣♣D##.##..#≈..+###
♣♣.##.#####...# ♣.....#
....# ####### #####


You could see an eight-headed hydra and a four-headed hydra.

Vanquished Creatures
  Maud (D)
  Josephine (D)
  A centaur warrior (D)
  An unseen horror (D)
  A lindwurm (D)
  A deep elf mage (D)
  A fire drake (D)
  3 wandering mushrooms (D)
  2 giant leeches (D)
  A shadow (D)
  3 redbacks (D)
  A spatial vortex (D)
  A necrophage (D)
  2 centaurs (D)
  An earth elemental (D)
  A water elemental (D)
  An electric eel (D)
  A jelly (D)
  A wizard (D)
  A necromancer (D)
  A wolf (D)
  3 humans (D)
  A kobold demonologist (D)
  2 oozes (D)
  2 rats (D)
35 creatures vanquished.

Vanquished Creatures (collateral kills)
  2 spiny frogs (D)
  A komodo dragon (D)
  A swamp drake (D)
4 creatures vanquished.

Vanquished Creatures (others)
  2 draconian scorchers (D)
  2 yaktaurs (D)
4 creatures vanquished.

Grand Total: 43 creatures vanquished

Notes
Turn   | Place    | Note
--------------------------------------------------------------
     0 | D        | nuthulu the Troll Berserker began the quest for the Orb.
     0 | D        | Reached XP level 1. HP: 22/22 MP: 0/0
    14 | D        | Reached ** piety under Trog
    14 | D        | Reached XP level 2. HP: 26/31 MP: 1/1
    48 | D        | Noticed a wolf
    63 | D        | Reached skill level 4 in Unarmed Combat
    63 | D        | Reached XP level 3. HP: 20/39 MP: 2/2
    71 | D        | Reached *** piety under Trog
    71 | D        | Reached skill level 5 in Unarmed Combat
   135 | D        | Gained mutation: You occasionally shout uncontrollably at your foes. [potion of mutation]
   135 | D        | Gained mutation: Armour fits poorly on your strangely shaped body. [potion of mutation]
   135 | D        | Gained mutation: Your body sometimes deteriorates upon taking damage. [potion of mutation]
   136 | D        | Lost mutation: Your body sometimes deteriorates upon taking damage. [potion of cure mutation]
   136 | D        | Lost mutation: You occasionally shout uncontrollably at your foes. [potion of cure mutation]
   136 | D        | Lost mutation: Armour fits poorly on your strangely shaped body. [potion of cure mutation]
   137 | D        | Gained mutation: Your spells are a little easier to cast, but a little less powerful. [potion of mutation]
   137 | D        | Gained mutation: You have a pair of small horns on your head. [potion of mutation]
   137 | D        | Gained mutation: Scrolls take you a little longer to read. [potion of mutation]
   142 | D        | Noticed a water elemental
   146 | D        | Killed a water elemental
   146 | D        | Reached skill level 5 in Fighting
   146 | D        | Reached skill level 5 in Dodging
   146 | D        | Reached skill level 6 in Unarmed Combat
   146 | D        | Reached XP level 4. HP: 46/50 MP: 3/3
   153 | D        | Found a radiant altar of Vehumet.
   153 | D        | Found a deep blue altar of Sif Muna.
   153 | D        | Found an ancient bone altar of Kikubaaqudgha.
   153 | D        | Noticed a wizard
   157 | D        | Killed a wizard
   157 | D        | Reached XP level 5. HP: 44/57 MP: 4/4
   158 | D        | Reached **** piety under Trog
   167 | D        | Killed a white draconian scorcher
   191 | D        | Found an iron altar of Okawaru.
   191 | D        | Found a bloodstained altar of Trog.
   191 | D        | Noticed a human
   191 | D        | Noticed a human
   198 | D        | Killed a human
   198 | D        | Reached skill level 8 in Unarmed Combat
   198 | D        | Reached XP level 6. HP: 68/68 MP: 5/5
   201 | D        | Killed a human
   241 | D        | Killed a white draconian scorcher
   257 | D        | Found a glowing silver altar of Zin.
   257 | D        | Found a glowing golden altar of the Shining One.
   257 | D        | Found a white marble altar of Elyvilon.
   257 | D        | Noticed a deep elf mage
   259 | D        | Noticed an ice beast
   262 | D        | Killed a deep elf mage
   262 | D        | Reached ***** piety under Trog
   262 | D        | Reached skill level 10 in Unarmed Combat
   262 | D        | Reached XP level 7. HP: 77/81 MP: 6/6
   283 | D        | Found a basalt altar of Yredelemnul.
   283 | D        | Found a snail-covered altar of Cheibriados.
   283 | D        | Found a blossoming altar of Fedhas.
   311 | D        | Noticed a shadow
   317 | D        | Killed a shadow
   317 | D        | Reached XP level 8. HP: 68/92 MP: 7/7
   332 | D        | Found an oddly glowing altar of Pakellas.
   332 | D        | Found a stormy altar of Qazlal.
   333 | D        | Found a sacrificial altar of Ru.
   333 | D        | Found a burning altar of Makhleb.
   333 | D        | Found a viscous altar of Jiyva.
   333 | D        | Found a shimmering altar of Xom.
   333 | D        | Found a shadowy altar of Dithmenos.
   333 | D        | Found a sparkling altar of Nemelex Xobeh.
   333 | D        | Found a corrupted altar of Lugonu.
   333 | D        | Found an opulent altar of Gozag.
   338 | D        | Reached skill level 11 in Unarmed Combat
   377 | D        | Noticed Josephine
   385 | D        | Killed Josephine
   385 | D        | Reached skill level 10 in Fighting
   385 | D        | Reached skill level 10 in Dodging
   385 | D        | Reached skill level 12 in Unarmed Combat
   385 | D        | Reached XP level 9. HP: 96/101 MP: 8/8
   412 | D        | Noticed a centaur warrior
   424 | D        | Killed a centaur warrior
   424 | D        | Received a gift from Trog
   446 | D        | Killed a yaktaur
   456 | D        | Killed a yaktaur
   488 | D        | Killed an unseen horror
   488 | D        | Reached skill level 13 in Unarmed Combat
   562 | D        | Noticed a wandering mushroom
   567 | D        | Noticed a wandering mushroom
   569 | D        | Noticed a wandering mushroom
   573 | D        | Killed a wandering mushroom
   718 | D        | Noticed a spiny frog
   718 | D        | Noticed a komodo dragon
   718 | D        | Noticed a spiny frog
   720 | D        | Killed a komodo dragon
   720 | D        | Received a gift from Trog
   720 | D        | Reached XP level 10. HP: 92/114 MP: 9/9
   722 | D        | Killed a spiny frog
   723 | D        | Killed a spiny frog
   766 | D        | Received a gift from Trog
   766 | D        | Reached skill level 14 in Unarmed Combat
   856 | D        | Noticed a lindwurm
   861 | D        | Killed a lindwurm
   953 | D        | Noticed Maud
   964 | D        | Killed Maud
  1017 | D        | Noticed an eight-headed hydra
  1017 | D        | Noticed a four-headed hydra
  1038 | D        | HP: 4/118 [four-headed hydra (7)]
  1043 | D        | Slain by a four-headed hydra

Vault maps used:
D:        dungeon_sprint_mu

Action                   |  1- 3 |  4- 6 |  7- 9 | 10-12 || total
-------------------------+-------+-------+-------+-------++-------
Melee: Unarmed           |    28 |    15 |    47 |    51 ||   141
Invok: Trog's Hand       |     2 |     1 |     5 |     2 ||    10
       Berserk           |     1 |     1 |       |       ||     2
       Burn Spellbooks   |       |     1 |       |       ||     1
       Brothers in Arms  |       |       |     1 |     2 ||     3
  Use: Potion            |     3 |       |       |     1 ||     4
       Scroll            |     2 |       |       |       ||     2
  Eat: Chunk             |       |     7 |     8 |     4 ||    19
